AoeStats
← Belgianwafflelegend69

Nomad

503406735Analyzed
4v4 RM · 1mo ago on Aug 31, 2026· 14m 40s· 8 players
Game mode
Random Map
Map size
231×231
Population
200
Speed
Normal
Resources
Standard
Victory
Conquest
Starting age
Dark Age
Ending age
Imperial Age
RankedLock teamsTeams togetherTeam positionsShared explorationLock speedFull tech treeHidden civsTurbo modeCheats
Victory
Defeat
🇹🇼 Mongols · Taiwan
1049
+14
🇨🇳 Huns · China
1028
+15
🇺🇸 Dravidians · United States
969
+17
🇹🇼 Cumans · Taiwan
893
+21
🇷🇺 Turks · Russia
1020
-18
1002
-17
🇹🇷 Teutons · Türkiye
1000
-50
🇩🇪 Hindustanis · Germany
973
-15
GrininElliTonu
4:31 Loom
6:12 Loom
15:07 Feudal Age
Belgianwafflelegend69
4:12 Loom
4:48 Loom
8:48 Wheelbarrow
10:33 Double-Bit Axe
16:47 Feudal Age
Nopec
7:33 Loom
14:52 Feudal Age
✪ Loading… ] 99%
7:43 Loom
14:06 Feudal Age
Gut Check
11:53 Loom
13:42 Feudal Age
ChenEn
4:27 Loom
cooldaban
4:16 Loom
15:35 Feudal Age
zenghui
13:10 Feudal Age
12:08 Loom
Connection lost

Rejoining the realm…

Still unreachable

The connection could not be restored.

Session expired

The server has moved on; the page needs a fresh start.